 Dungeon Crawl Stone Soup version 0.26-a0-850-g97a50ab700 (webtiles) character file.

Game seed: 16699737885949633321

56 jiml777 the Magician (level 3, -5/19 HPs)
             Began as a Deep Elf Air Elementalist on Nov 21, 2020.
             Slain by a worm (10 damage)
             ... on level 2 of the Dungeon.
             The game lasted 00:13:57 (1860 turns).

jiml777 the Magician (Deep Elf Air Elementalist)    Turns: 1860, Time: 00:13:57

Health: -5/19      AC:  2    Str:  5    XL:     3   Next: 71%
Magic:  1/10       EV: 13    Int: 20    God:
Gold:   52         SH:  0    Dex: 15    Spells: 9/10 levels left

rFire    . . .     SeeInvis .   b - +0 short sword
rCold    . . .     Faith    .   (no shield)
rNeg     . . .     Spirit   .   h - +0 robe
rPois    .         Reflect  .   (no helmet)
rElec    .         Harm     .   (no cloak)
rCorr    .         Rampage  .   (no gloves)
MR       .....                  (no boots)
Stlth    ++........             (no amulet)
HPRegen  0.06/turn              (no ring)
MPRegen  0.12/turn              (no ring)

@: no status effects
A: no striking features
a: no special abilities


You were on level 2 of the Dungeon.
You visited 1 branch of the dungeon, and saw 2 of its levels.

You collected 52 gold pieces.

Inventory:

Hand Weapons
 b - a +0 short sword (weapon)
Missiles
 d - 46 arrows
Armour
 h - a +0 robe (worn)
Scrolls
 c - 5 scrolls of remove curse {unknown}
 e - a scroll of amnesia {unknown}
 f - 2 scrolls of identify {unknown}
 g - 3 scrolls of teleportation {unknown}
 i - a scroll of noise {unknown}
Potions
 a - a potion of heal wounds {unknown}


   Skills:
 + Level 2.7 Dodging
 + Level 2.7 Stealth
 + Level 4.0 Spellcasting
 + Level 2.0 Conjurations
 + Level 3.6 Air Magic


You had 9 spell levels left.
You knew the following spells:

 Your Spells              Type           Power        Failure   Level
a - Shock                 Conj/Air       ###.         4%          1

Your spell library contained the following spells:

 Spells                   Type           Power        Failure   Level
 Swiftness                Air            ###.....     4%          2
 Static Discharge         Conj/Air       ###.....     12%         3
 Airstrike                Air            ###.......   28%         4
 Lightning Bolt           Conj/Air       ###.......   73%         5


Dungeon Overview and Level Annotations

Branches:
Dungeon (2/15)

Altars:


Message History

Your magical contamination has completely faded away.
You hit the worm.
The worm is severely wounded.
The worm barely misses you.
You hit the worm.
The worm is severely wounded.
You hit the worm but do no damage.
The worm is severely wounded.
The worm bites you.
* * * LOW HITPOINT WARNING * * *
You hit the worm.
The worm is almost dead.
The worm closely misses you.
You barely miss the worm.
The worm is almost dead.
You barely miss the worm.
The worm is almost dead.
The worm bites you!
Ouch! That really hurt!
You die...

#.# #.# #.# #.#
#.##########
#.#.....>...
##.#........^
#......# #
#.##.#@# # #.
#.#w# # #.
#.#.#####... #
#..#.#.........
#
#.#..#..####...
# .. #.#..# #
#...)## #
..#.#...# #
.........#


You could see a worm.

Vanquished Creatures
  2 adders (D:2)
  An ooze (D:1)
  2 worms (D:2)
  A dart slug (D:1)
  2 giant cockroaches (D:1)
  4 jackals
  A ball python (D:1)
  4 bats
  5 frilled lizards
  2 goblins
  4 kobolds (D:1)
  2 rats
30 creatures vanquished.

Notes
Turn   | Place    | Note
-------+----------+-------------------------------------------
     0 | D:1      | jiml777 the Deep Elf Air Elementalist began the quest for
                  | the Orb.
     0 | D:1      | Reached XP level 1. HP: 10/10 MP: 6/6
   448 | D:1      | Reached XP level 2. HP: 15/15 MP: 5/8
  1453 | D:2      | Reached XP level 3. HP: 15/19 MP: 7/10
  1850 | D:2      | Reached skill level 4 in Spellcasting
  1860 | D:2      | Slain by a worm

Illustrated notes

Levels and vault maps discovered:
D:1:      minmay_arrival_plants_in_alcoves, layout_basic,
          minmay_misc_feat_pillars
D:2:      layout_loops_ring, uniq_jessica

Skill      XL: |  1  2  3 |
---------------+----------+-----
Conjurations   | 2 |  2.0
Spellcasting   | 4 |  4.0
Dodging        | |  2.7
Stealth        | |  2.7
Air Magic      | |  3.6

Action                   || total
-------------------------++-------
Melee: Short sword       ||     8
 Cast: Shock             ||    64
Armor: Robe              ||     4
Dodge: Dodged            ||    15

Table legend: (Time is in decaauts)
 A = Elapsed time spent in this place.
 B = Non-inter-level travel time spent in this place.
 C = Inter-level travel time spent in this place.
 D = Time resting spent in this place.
 E = Time spent auto-exploring this place.
 F = Levels seen in this place.
 G = Mean time per level.
                   A        B        C        D        E       F      G
               +--------+--------+--------+--------+--------+-----+--------+
         Total |   1860 |   1836 |     24 |    999 |    484 |   2 |  930.0 |
       Dungeon |   1860 |   1836 |     24 |    999 |    484 |   2 |  930.0 |
               +--------+--------+--------+--------+--------+-----+--------+

Top non-repeatable levels by time:
     D:1: 1435 daAuts
     D:2: 424 daAuts
